 Dungeon Crawl Stone Soup version 0.21.0 (webtiles) character file.

329 mopl the Slasher (level 6, -1/35 HPs)
             Began as a Tengu Skald on Jan 7, 2018.
             Killed from afar by Dowan (19 damage)
             ... with a stone arrow
             ... on level 4 of the Dungeon.
             The game lasted 00:05:23 (3000 turns).

mopl the Slasher (Tengu Skald)                      Turns: 3000, Time: 00:05:26

Health: -1/35      AC:  5    Str: 11    XL:     6   Next: 51%
Magic:  1/10       EV: 12    Int: 13    God:
Gold:   127        SH:  0    Dex: 16    Spells: 4/9 levels left

rFire    . . .     SeeInvis +   a - +0 falchion
rCold    . . .     Gourm    .   (no shield)
rNeg     . . .     Faith    .   b - +1 leather armour
rPois    .         Spirit   .   (helmet restricted)
rElec    .         Reflect  .   f - +0 cloak {+Inv}
rCorr    .         Harm     .   (no gloves)
MR       .....                  (boots unavailable)
Stlth    +.........             (no amulet)
HPRegen  0.11/turn              k - ring of see invisible
MPRegen  0.12/turn              (no ring)

@: very slightly contaminated, invisible
A: beak, talons 3, able to fly 1
a: Fly


You were on level 4 of the Dungeon.
You were hungry.

You visited 1 branch of the dungeon, and saw 4 of its levels.

You collected 127 gold pieces.

Inventory:

Hand Weapons
 a - a +0 falchion (weapon)
Missiles
 r - a throwing net (quivered)
 t - 5 tomahawks
 v - 6 poisoned needles
Armour
 b - a +1 leather armour (worn)
 f - a +0 cloak of invisibility (worn)
Jewellery
 k - a ring of see invisible (left hand)
 s - an uncursed ring of poison resistance {unknown}
Scrolls
 e - 2 scrolls of remove curse
 g - 2 scrolls of fog
 h - a scroll of fear {unknown}
 j - a scroll of enchant armour
 l - 2 scrolls of magic mapping {unknown}
 p - a scroll of amnesia {unknown}
Potions
 i - a potion of lignification {!q}
 m - a potion of berserk rage {!q}
 n - a potion of heal wounds {unknown}
 o - 3 potions of curing {unknown}
 q - a potion of agility
 u - a potion of invisibility {unknown}
Books
 c - a book of Battle

   Spells                             Type                      Level
   a - Infusion                       Charms                       1
   b - Shroud of Golubria             Charms/Translocation         2
   c - Song of Slaying                Charms                       2
   d - Spectral Weapon                Hexes/Charms                 3
   e - Regeneration                   Charms/Necromancy            3
Comestibles
 d - 7 rations


   Skills:
 - Level 2.0 Fighting
 * Level 7.1 Long Blades
 - Level 1.1 Armour
 - Level 2.1 Dodging
 - Level 2.0 Spellcasting
 - Level 2.4 Charms
 + Level 1.3 Evocations


You had 4 spell levels left.
You knew the following spells:

 Your Spells              Type           Power        Failure   Level  Hunger
a - Infusion              Chrm           #...         12%         1    ##.....
b - Song of Slaying       Chrm           #.......     19%         2    ###....
f - Shroud of Golubria    Chrm/Tloc      #.........   30%         2    ###....


Dungeon Overview and Level Annotations

Branches:
Dungeon (4/15)
 Temple: D:4-7

Altars:
Kikubaaqudgha
Nemelex Xobeh

Annotations:
D:4 Dowan


Innate Abilities, Weirdness & Mutations

You have a beak for a mouth.
You have claws for feet.
You can fly.


Message History

Dowan hits you with a dagger. Dowan gestures at you while chanting.
The stone arrow misses you.
You fade into invisibility!
You are very lightly contaminated with residual magic.
You feel somewhat more hungry. Dowan hits you with a dagger.
You catch the helpless Dowan completely off-guard!
You slash Dowan!
Dowan is moderately wounded.
Dowan misses you. Dowan barely misses you.
You hit Dowan.
Dowan is heavily wounded.
Dowan hits you with a dagger.
You slash Dowan!
Dowan is almost dead.
You are no longer magically infusing your attacks.
Dowan casts a spell at you. The stone arrow hits you!
Ouch! That really hurt!
You die...

###...#### ######.### #.###.#
#.# #. #.# #.# #.###.# ##+##
##...## ##...## ##.####
##.....## # #.##.##
##...>...## ##
...###.#...####.........####.
...........<.@e'.........'....
###.###.#...####.........##...
#.##.## ##......[###.## #...##
##e....## #.#. ###. ##...##
#... #. ##'## #### #. #.# #.#
##e##


You could see Dowan.

Vanquished Creatures
  Duvessa (D:4)
  An orc priest (D:3)
  Crazy Yiuf (D:3)
  An orc wizard (D:3)
  5 adders
  An ooze (D:2)
  A leopard gecko (D:2)
  12 orcs
  A ball python (D:2)
  A giant cockroach (D:2)
  6 goblins
  13 hobgoblins
  8 jackals
  8 kobolds
  9 bats
  6 frilled lizards
  7 rats
82 creatures vanquished.

Notes
Turn   | Place    | Note
-------+----------+-------------------------------------------
     0 | D:1      | mopl the Tengu Skald began the quest for the Orb.
     0 | D:1      | Reached XP level 1. HP: 12/12 MP: 4/4
   282 | D:1      | Reached XP level 2. HP: 13/17 MP: 6/6
   283 | D:1      | Reached skill level 3 in Long Blades
   305 | D:1      | Learned a level 2 spell: Song of Slaying
   308 | D:1      | Learned a level 2 spell: Shroud of Golubria
   685 | D:1      | Reached XP level 3. HP: 13/21 MP: 0/7
   898 | D:2      | Reached skill level 4 in Long Blades
  1175 | D:2      | Reached XP level 4. HP: 23/26 MP: 2/8
  1631 | D:2      | Reached skill level 5 in Long Blades
  1933 | D:3      | Gained mutation: You can fly. [Tengu growth]
  1933 | D:3      | Reached XP level 5. HP: 23/30 MP: 3/9
  2086 | D:3      | Found an ancient bone altar of Kikubaaqudgha.
  2133 | D:3      | Found a sparkling altar of Nemelex Xobeh.
  2349 | D:3      | Reached skill level 6 in Long Blades
  2550 | D:3      | Found a runed door.
  2744 | D:3      | Noticed Crazy Yiuf
  2751 | D:3      | Killed Crazy Yiuf
  2947 | D:4      | Reached XP level 6. HP: 35/35 MP: 10/10
  2959 | D:4      | Noticed Dowan
  2960 | D:4      | Noticed Duvessa
  2992 | D:4      | Killed Duvessa
  2992 | D:4      | Reached skill level 7 in Long Blades
  2992 | D:4      | Reached skill level 1 in Evocations
  3000 | D:4      | Killed from afar by Dowan

Skill      XL: |  1  2  3  4  5  6 |
---------------+-------------------+-----
Long Blades    | 3 4 5 6 7 |  7.1
Evocations     | 1 |  1.3
Fighting       | |  2.0
Armour         | |  1.1
Dodging        | |  2.1
Spellcasting   | |  2.0
Charms         | |  2.4

Action                   |  1- 3 |  4- 6 || total
-------------------------+-------+-------++-------
Melee: Falchion          |    82 |    90 ||   172
       Kick              |    15 |    26 ||    41
       Peck              |     9 |    17 ||    26
Throw: Throwing net      |       |     1 ||     1
 Cast: Infusion          |     8 |     8 ||    16
       Song of Slaying   |     1 |     1 ||     2
       Shroud of Golubri |       |     2 ||     2
 Abil: Evoke Invisibilit |       |     1 ||     1
  Use: Scroll            |     2 |     4 ||     6
 Stab: Invisible         |       |     1 ||     1
  Eat: Chunk             |     1 |     6 ||     7
Armor: Leather armour    |    21 |    21 ||    42
Dodge: Dodged            |    54 |    61 ||   115
       Rpst.: Falchion   |     9 |    24 ||    33
